 Dungeon Crawl Stone Soup version 0.22-a0-858-g985ef60 (webtiles) character file.

184 Amnesiac the Vexing (level 5, -1/35 HPs)
             Began as a Mummy Enchanter on July 27, 2018.
             Slain by Pikel
             ... wielding a +2 whip of freezing
              (5 damage)
             ... on level 3 of the Dungeon.
             The game lasted 00:06:14 (2193 turns).

Amnesiac the Vexing (Mummy Enchanter)               Turns: 2193, Time: 00:06:15

Health: -1/35      AC:  2    Str: 11    XL:     5   Next: 36%
Magic:  3/11       EV: 12    Int: 16    God:
Gold:   89         SH:  0    Dex: 12    Spells: 3/12 levels left

rFire    x . .     SeeInvis .   a - +1 dagger
rCold    + . .     Gourm    .   (no shield)
rNeg     + + +     Faith    .   b - +0 robe
rPois    ∞         Spirit   .   (no helmet)
rElec    .         Reflect  .   (no cloak)
rCorr    .         Harm     .   (no gloves)
MR       .....                  (no boots)
Stlth    ++........             (no amulet)
HPRegen  0.11/turn              (no ring)
MPRegen  0.12/turn              (no ring)

@: very slightly contaminated
A: no food or potions, fire vulnerability, cold resistance 1, negative energy
resistance 3, torment resistance, unbreathing
a: no special abilities


You were on level 3 of the Dungeon.
You were not hungry.

You visited 1 branch of the dungeon, and saw 4 of its levels.

You collected 89 gold pieces.

Inventory:

Hand Weapons
 a - a +1 dagger (weapon)
Missiles
 f - 5 curare-tipped needles
Armour
 b - a +0 robe (worn)
Scrolls
 c - a scroll of immolation {!r, unknown}
 d - a scroll of blinking {!r, unknown}
 e - a scroll of fog {!r, unknown}
 g - 2 scrolls of teleportation {!r}
 h - a scroll of random uselessness {!r, unknown}
 i - a scroll of remove curse {!r, unknown}


   Skills:
 - Level 1.1 Short Blades
 - Level 1.5 Dodging
 - Level 3.7 Stealth
 - Level 4.0 Spellcasting
 + Level 4.1 Hexes


You had 3 spell levels left.
You knew the following spells:

 Your Spells              Type           Power        Failure   Level  Hunger
a - Ensorcelled Hibernat  Hex/Ice        #.....       11%         2    N/A
b - Corona                Hex            ###....      3%          1    N/A
e - Confuse               Hex            ###.....     10%         3    N/A
w - Tukima's Dance        Hex            ###.....     10%         3    N/A

Your spell library contained the following spells:

 Spells                   Type           Power        Failure   Level  Hunger
 Dazzling Spray           Conj/Hex       #.....       22%         3    N/A

Dungeon Overview and Level Annotations

Branches:
Dungeon (4/15)
 Temple: D:4-7

Altars:
Zin

Annotations:
D:3 Grinder, Pikel
D:4 exclusions: 2 doors, goblin, hobgoblin and orc wizard, Ijyb, Robin


Innate Abilities, Weirdness & Mutations

You do not eat or drink.
Your flesh is vulnerable to fire.
You are immune to poison.
Your flesh is cold resistant. (rC+)
You are immune to negative energy. (rN+++)
You are immune to unholy pain and torment.
You can survive without breathing.


Message History

Pikel is lightly wounded.
You hit Pikel but do no damage.
Pikel is lightly wounded.
Pikel seems less confused.
Pikel barely misses you.
Casting: Confuse (safe; 10% risk of failure)
Confirm with . or Enter, or press ? or * to list all spells.
Aiming: Ensorcelled Hibernation (safe; 11% risk of failure)
Press: ? - help, Shift-Dir - straight line, f/p - Pikel
Aim: Pikel, wielding a whip of freezing and wearing a robe (lightly wounded, chance to defeat MR: 40%)
You miscast Ensorcelled Hibernation.
You are very lightly contaminated with residual magic.
Your skin glows momentarily.
The slave shouts!
Pikel hits you with a whip of freezing.
* * * LOW HITPOINT WARNING * * *
Pikel freezes you.
* * * LOW HITPOINT WARNING * * *
Unknown command.
Casting: Ensorcelled Hibernation (safe; 11% risk of failure)
Confirm with . or Enter, or press ? or * to list all spells.
Aiming: Confuse (safe; 10% risk of failure)
Press: ? - help, Shift-Dir - straight line, f/p - Pikel
Aim: Pikel, wielding a whip of freezing and wearing a robe (lightly wounded, chance to defeat MR: 47%) Pikel appears confused.
Pikel barely misses you.
Unknown command.
You hit Pikel but do no damage.
Pikel is lightly wounded.
Pikel hits the slave with a whip of freezing.
Pikel freezes the slave.
Casting: Confuse (safe; 10% risk of failure)
Confirm with . or Enter, or press ? or * to list all spells.
Aiming: Ensorcelled Hibernation (safe; 11% risk of failure)
Press: ? - help, Shift-Dir - straight line, f/p - Pikel
Aim: Pikel, wielding a whip of freezing and wearing a robe (lightly wounded, confused, chance to defeat MR: 40%) Pikel looks drowsy...
Pikel hits the slave with a whip of freezing.
Pikel freezes the slave.
Unknown command.
The helpless Pikel fails to defend himself.
You puncture Pikel!
Pikel is moderately wounded.
You hit Pikel but do no damage.
Pikel is moderately wounded.
You hit Pikel.
Pikel is heavily wounded.
Pikel hits the slave with a whip of freezing.
Pikel freezes the slave.
You catch the helpless Pikel completely off-guard!
You puncture Pikel!
Pikel is severely wounded.
Pikel hits the slave with a whip of freezing!
Pikel freezes the slave.
The slave is killed!
That felt strangely unrewarding.
You hit Pikel but do no damage.
Pikel is severely wounded.
Pikel hits you with a whip of freezing.
* * * LOW HITPOINT WARNING * * *
Pikel freezes you.
* * * LOW HITPOINT WARNING * * *
You hit Pikel but do no damage.
Pikel is severely wounded.
Pikel hits you with a whip of freezing.
You die...

#.##...# #.#
#....#.####..#
#..#......# #####
#...##..#######....
##..............#
#.###..........###
####.####............
#........†..........#
>....##@####.#.......#%.
.### #K# #.#.......###
#p# #.#)......# #.#
#.#.......# #.#
##.#.......#
#######.###..#########
#.....%..<..##
#...........#
#......)...##


You could see Pikel (confused) and a slave.

Vanquished Creatures
  A dancing weapon (D:4)
  2 slaves
  2 ogres (D:4)
  A hound (D:4)
  3 adders
  2 dart slugs
  2 leopard geckos (D:2)
  3 orcs
  4 bats (D:2)
  2 giant cockroaches
  2 goblins
  2 hobgoblins (D:2)
  A kobold (D:2)
  A quokka (D:4)
  A leopard gecko skeleton (D:4)
  4 rats
33 creatures vanquished.

Notes
Turn   | Place    | Note
-------+----------+-------------------------------------------
     0 | D:1      | Amnesiac the Mummy Enchanter began the quest for the Orb.
     0 | D:1      | Reached XP level 1. HP: 13/13 MP: 4/4
   124 | D:2      | Reached skill level 1 in Short Blades
   124 | D:2      | Reached XP level 2. HP: 13/19 MP: 3/6
   364 | D:2      | Learned a level 2 spell: Ensorcelled Hibernation
   519 | D:2      | Reached XP level 3. HP: 18/24 MP: 5/8
   524 | D:2      | Learned a level 3 spell: Confuse
   528 | D:2      | Learned a level 3 spell: Tukima's Dance
   589 | D:3      | Noticed Grinder
   706 | D:4      | Noticed an ogre
   708 | D:4      | Noticed an ogre
   762 | D:4      | Noticed Pikel
   762 | D:4      | Noticed a slave
   762 | D:4      | Noticed a slave
   762 | D:4      | Noticed a slave
   762 | D:4      | Noticed a slave
  1130 | D:2      | Found a glowing silver altar of Zin.
  1463 | D:4      | Noticed Ijyb
  1651 | D:4      | Noticed Robin
  1682 | D:4      | Killed an ogre
  1682 | D:4      | Reached XP level 4. HP: 15/30 MP: 1/10
  1819 | D:4      | Killed an ogre
  1819 | D:4      | Reached XP level 5. HP: 34/35 MP: 4/11
  1905 | D:4      | Killed a slave
  2191 | D:3      | Killed a slave
  2193 | D:3      | Slain by Pikel

Vault maps used:
D:1:      minmay_arrival_jagged, minmay_cut_off
D:2:      overflow_temple_1_default, first_ration, minmay_misc_feat_nine_boxes,
          st_stairs_14
D:3:      uniq_grinder
D:4:      okawaru_altar_gauntlet_db, uniq_pikel, uniq_ijyb, uniq_robin

Skill      XL: |  1  2  3  4  5 |
---------------+----------------+-----
Short Blades   | 1 |  1.1
Spellcasting   | 3 4 |  4.0
Hexes          | 3 4 |  4.1
Stealth        | 3 |  3.7
Dodging        | |  1.5

Action                   |  1- 3 |  4- 6 || total
-------------------------+-------+-------++-------
Melee: Dagger            |    90 |    33 ||   123
 Cast: Corona            |    16 |       ||    16
       Ensorcelled Hiber |    16 |     6 ||    22
       Tukima's Dance    |     3 |     1 ||     4
       Confuse           |     1 |     6 ||     7
  Use: Scroll            |     1 |       ||     1
 Stab: Sleeping          |     9 |     6 ||    15
       Confused          |     1 |     4 ||     5
Armor: Robe              |    17 |       ||    17
Dodge: Dodged            |    66 |    14 ||    80

Table legend:
 A = Spawn XP
 B = Non-spawn XP
 C = Spawn XP percentage of total XP
 D = Spawn monster count
 E = Non-spawn monster count
 F = Spawn count percentage of total count
 G = Total turns spent on level
                    A         B        C        D         E        F      G
               +---------+---------+-------+---------+---------+-------+---------
         Total |       0 |     264 |   0.0 |       0 |      30 |   0.0 |  2193
               +---------+---------+-------+---------+---------+-------+---------
           D:1 |       0 |       1 |   0.0 |       0 |       1 |   0.0 |    24
           D:2 |       0 |      58 |   0.0 |       0 |      17 |   0.0 |  1245
           D:3 |       0 |      24 |   0.0 |       0 |       6 |   0.0 |   427
           D:4 |       0 |     181 |   0.0 |       0 |       6 |   0.0 |   497
               +---------+---------+-------+---------+---------+-------+---------
